 Dungeon Crawl Stone Soup version 0.26-a0-812-g31a745ddcd (webtiles) character file.

Game seed: 15771828201992852330

63 nicanaca0 the Skirmisher (level 4, -3/36 HPs)
             Began as a Gnoll Wanderer on Nov 21, 2020.
             Slain by Natasha (4 damage)
             ... on level 3 of the Dungeon.
             The game lasted 00:05:41 (2410 turns).

nicanaca0 the Skirmisher (Gnoll Wanderer)           Turns: 2410, Time: 00:05:42

Health: -3/36      AC:  2    Str: 14 (15) XL:     4   Next: 10%
Magic:  5/5        EV: 13    Int:  9 (12) God:
Gold:   157        SH:  0    Dex: 15 (17) Spells: 5/5 levels left

rFire    . . .     SeeInvis .   a - +2 hand crossbow
rCold    . . .     Faith    .   (no shield)
rNeg     . . .     Spirit   .   e - +0 robe
rPois    .         Reflect  .   (no helmet)
rElec    .         Harm     .   (no cloak)
rCorr    .         Rampage  .   (no gloves)
MR       .....                  (no boots)
Stlth    ++........             (no amulet)
HPRegen  0.12/turn              (no ring)
MPRegen  0.09/turn              (no ring)

@: slowed, very slow
A: distributed training, fangs 1, frail 1, wild magic 1, strong nose
a: no special abilities


You were on level 3 of the Dungeon.
You visited 1 branch of the dungeon, and saw 3 of its levels.

You collected 157 gold pieces.

Inventory:

Hand Weapons
 a - a +2 hand crossbow (weapon)
 l - a +0 dagger
Missiles
 b - 15 bolts (quivered)
 g - 93 stones
 m - 8 poisoned darts
 q - 13 sling bullets
 s - 8 arrows
Armour
 e - a +0 robe (worn)
Scrolls
 c - a scroll of random uselessness {unknown}
 f - a scroll of amnesia {unknown}
 h - 6 scrolls of identify {unknown}
 j - a scroll of enchant armour {unknown}
 p - a scroll of noise {unknown}
 r - a scroll of immolation {unknown}
 u - a scroll of enchant weapon {unknown}
 v - a scroll of fear {unknown}
Potions
 d - a potion of curing {@q1}
 i - a potion of attraction {unknown}
 k - a potion of mutation
 o - a potion of brilliance


   Skills:
 + Level 6.6 Fighting
 + Level 1.0 Short Blades
 + Level 1.0 Long Blades
 + Level 1.0 Axes
 + Level 1.0 Maces & Flails
 + Level 1.0 Polearms
 + Level 1.0 Staves
 + Level 1.0 Slings
 + Level 1.0 Bows
 + Level 2.7 Crossbows
 + Level 1.0 Throwing
 + Level 4.6 Armour
 + Level 2.7 Dodging
 + Level 1.0 Stealth
 + Level 2.7 Shields
 + Level 2.7 Unarmed Combat
 + Level 1.0 Spellcasting
 + Level 0.8 Conjurations
 + Level 0.8 Hexes
 + Level 0.8 Summonings
 + Level 0.8 Necromancy
 + Level 0.8 Translocations
 + Level 0.8 Transmutations
 + Level 0.8 Fire Magic
 + Level 0.8 Ice Magic
 + Level 0.8 Air Magic
 + Level 0.8 Earth Magic
 + Level 0.8 Poison Magic
 + Level 1.1 Invocations
 + Level 2.7 Evocations


You had 5 spell levels left.
You didn't know any spells.
Your spell library contained the following spells:

 Spells                   Type           Power        Failure   Level
 Summon Small Mammal      Summ           #...         34%         1
 Call Imp                 Summ           #.......     45%         2
 Call Canine Familiar     Summ           #.......     69%         3
 Summon Guardian Golem    Hex/Summ       #.......     69%         3
 Summon Ice Beast         Ice/Summ       #.......     97%         4
 Summon Lightning Spire   Summ/Air       #.......     97%         4


Dungeon Overview and Level Annotations

Branches:
Dungeon (3/15)

Altars:
Cheibriados
Sif Muna
Xom

Annotations:
D:3 Goblin1989's ghost, amateur DrTm; Ijyb; Natasha


Innate Abilities, Weirdness & Mutations

Your experience applies equally to all skills.
You have very sharp teeth.
Your uncanny sense of smell can sniff out nearby items.
You are frail. (-10% HP)
Your spells are a little harder to cast, but a little more powerful.


Message History

Natasha casts a spell.
Found 12 gold pieces.
Firing (i - inventory. (/) - cycle)
b - 17 bolts (quivered)
Press: ? - help, Shift-Dir - straight line, f/p - Ijyb
Aim: Ijyb, wielding a +0 club, wearing a +0 chain mail and carrying a wand of iceblast (4) (moderately wounded)
You shoot a bolt. The bolt hits Ijyb.
Ijyb is severely wounded.
Natasha barely misses you. Ijyb barely misses you. The iron imp misses you.
Natasha mumbles some strange words.
Firing (i - inventory. (/) - cycle)
b - 16 bolts (quivered)
Press: ? - help, Shift-Dir - straight line, f/p - Ijyb
Aim: Ijyb, wielding a +0 club, wearing a +0 chain mail and carrying a wand of iceblast (4) (severely wounded)
You shoot a bolt. The bolt hits Ijyb.
Ijyb is almost dead.
Ijyb hits you with a +0 club.
* * * LOW HITPOINT WARNING * * *
The iron imp hits you.
* * * LOW HITPOINT WARNING * * *
Natasha claws you.
You die...

∆#(
#..............
.###.......##...##
.(####.######...#.
#.# #.# #...#. #(#
#.# #...#. #.##
#.# #####.
#######..###.# #.
#..)..5gh.##.# #.
#.....5@..##.# #.
#.........##.# #.
#.........##.# #.
...........#.# #.
..##....##.#.# #.
$ #....##...# #.
#....###..##### #.
#....# #......###
#. #....#
#..###...####.


You could see Ijyb, 2 iron imps and Natasha.

Vanquished Creatures
  An adder (D:2)
  An ooze (D:1)
  A worm (D:3)
  A dart slug (D:2)
  3 leopard geckos
  3 orcs (D:3)
  A ball python (D:2)
  A goblin (D:2)
  3 hobgoblins
  4 jackals (D:1)
  2 kobolds (D:2)
  2 quokkas
  7 bats
  2 frilled lizards (D:1)
  7 rats
39 creatures vanquished.

Notes
Turn   | Place    | Note
-------+----------+-------------------------------------------
     0 | D:1      | nicanaca0 the Gnoll Wanderer began the quest for the Orb.
     0 | D:1      | nicanaca0 set off with the following items: a +2 hand
                  | crossbow, 21 bolts, a scroll of teleportation, a potion of
                  | curing {@q1}, a +0 robe
     0 | D:1      | Reached XP level 1. HP: 23/23 MP: 1/1
   132 | D:1      | Reached XP level 2. HP: 29/29 MP: 2/2
   973 | D:2      | Reached XP level 3. HP: 33/35 MP: 3/3
  1083 | D:2      | Found a snail-covered altar of Cheibriados.
  1184 | D:2      | Reached skill level 1 in Invocations
  1475 | D:2      | Found a shimmering blue altar of Sif Muna.
  1477 | D:2      | Found a shimmering altar of Xom.
  1821 | D:3      | Reached skill level 1 in Short Blades
  1821 | D:3      | Reached skill level 1 in Long Blades
  1821 | D:3      | Reached skill level 1 in Axes
  1821 | D:3      | Reached skill level 1 in Maces & Flails
  1821 | D:3      | Reached skill level 1 in Polearms
  1821 | D:3      | Reached skill level 1 in Staves
  1821 | D:3      | Reached skill level 1 in Slings
  1821 | D:3      | Reached skill level 1 in Bows
  1821 | D:3      | Reached skill level 1 in Throwing
  1821 | D:3      | Reached skill level 1 in Stealth
  1821 | D:3      | Reached skill level 1 in Spellcasting
  2015 | D:3      | Found a large runed translucent door.
  2016 | D:3      | Found a large runed translucent door.
  2016 | D:3      | Noticed Goblin1989's ghost (amateur DrTm)
  2031 | D:3      | Reached XP level 4. HP: 41/41 MP: 5/5
  2097 | D:3      | Gained mutation: You are frail. (-10% HP) [potion of
                  | mutation]
  2097 | D:3      | Gained mutation: Your spells are a little harder to cast,
                  | but a little more powerful. [potion of mutation]
  2399 | D:3      | Noticed Ijyb
  2404 | D:3      | Noticed Natasha
  2410 | D:3      | HP: 1/36 [iron imp[Natasha] (6)]
  2410 | D:3      | Slain by Natasha

Illustrated notes

Levels and vault maps discovered:
D:1:      lightli_arrival_windingriver, layout_basic
D:2:      layout_loops_ring, kennysheep_slug_shrine, minitemple
D:3:      layout_basic, grunt_qazlal_clouds, ebering_ghost_disaster_area,
          uniq_jessica, uniq_ijyb, uniq_natasha

Skill      XL: |  1  2  3 |
---------------+----------+-----
Invocations    | 1 |  1.1
Short Blades   | 1 |  1.0
Long Blades    | 1 |  1.0
Axes           | 1 |  1.0
Maces & Flails | 1 |  1.0
Polearms       | 1 |  1.0
Staves         | 1 |  1.0
Slings         | 1 |  1.0
Bows           | 1 |  1.0
Throwing       | 1 |  1.0
Stealth        | 1 |  1.0
Spellcasting   | 1 |  1.0
Fighting       | |  6.6
Crossbows      | |  2.7
Armour         | |  4.6
Dodging        | |  2.7
Shields        | |  2.7
Unarmed Combat | |  2.7
Conjurations   | |  0.8
Hexes          | |  0.8
Summonings     | |  0.8
Necromancy     | |  0.8
Translocations | |  0.8
Transmutations | |  0.8
Fire Magic     | |  0.8
Ice Magic      | |  0.8
Air Magic      | |  0.8
Earth Magic    | |  0.8
Poison Magic   | |  0.8
Evocations     | |  2.7

Action                   |  1- 3 |  4- 6 || total
-------------------------+-------+-------++-------
Melee: Dagger            |       |     3 ||     3
 Fire: Hand crossbow     |    72 |    27 ||    99
Throw: Dart              |       |     1 ||     1
  Use: Potion            |       |     6 ||     6
       Scroll            |       |     1 ||     1
Armor: Robe              |     4 |     1 ||     5
Dodge: Dodged            |    22 |    21 ||    43

Table legend: (Time is in decaauts)
 A = Elapsed time spent in this place.
 B = Non-inter-level travel time spent in this place.
 C = Inter-level travel time spent in this place.
 D = Time resting spent in this place.
 E = Time spent auto-exploring this place.
 F = Levels seen in this place.
 G = Mean time per level.
                   A        B        C        D        E       F      G
               +--------+--------+--------+--------+--------+-----+--------+
         Total |   2432 |   2384 |     48 |    129 |   1924 |   3 |  810.7 |
       Dungeon |   2432 |   2384 |     48 |    129 |   1924 |   3 |  810.7 |
               +--------+--------+--------+--------+--------+-----+--------+

Top non-repeatable levels by time:
     D:1: 932 daAuts
     D:2: 786 daAuts
     D:3: 714 daAuts
